 Dungeon Crawl Stone Soup version 0.31-a0-810-ga77100ea1a (webtiles) character file.

Game seed: 17004183609931684172

3411 javelincjr the Ruffian (level 9, 0/82 HPs)
             Began as a Troll Fighter on Sept 21, 2023.
             Was a Believer of Hepliaklqana.
             Slain by a water elemental (11 damage)
             ... on level 7 of the Dungeon.
             The game lasted 00:27:31 (6125 turns).

javelincjr the Ruffian (Troll Fighter)              Turns: 6125, Time: 00:27:32

Health: 0/82       AC:  6    Str: 28    XL:     9   Next: 76%
Magic:  11/11      EV: 10    Int:  4    God:    Hepliaklqana [**....]
Gold:   260        SH:  9    Dex: 11    Spells: 8/8 levels left

rFire   + .          .
                       - Unarmed
rCold   . . .        b - +0 kite shield
rNeg    . . .        c - +1 robe {rF+}
rPois   .            (helmet restricted)
rElec   .            u - +0 cloak
rCorr   .            (gloves unavailable)
SInv    .            (boots unavailable)
Will    .....        (no amulet)
Stlth   +            l - ring of flight
HPRegen 1.13/turn    (no ring)
MPRegen 0.12/turn

%: no passive effects
@: flying
A: reduced essence, large, unfitting armour, claws 3, regeneration 1, shaggy fur
1, tough skin 1
a: Renounce Religion, Recall Ancestor, Ancestor Identity


You were on level 7 of the Dungeon.
You worshipped Hepliaklqana.
Hepliaklqana was pleased with you.
You visited 1 branch of the dungeon, and saw 7 of its levels.

You collected 383 gold pieces.
You spent 123 gold pieces at shops.

Inventory:

Hand Weapons
 a - a +0 sling of freezing
 d - the +6 great sword "Olalibb" {vamp, *Slow rPois Dex+3}
   (You found it on level 7 of the Dungeon)

   Dex+3:     It affects your dexterity (+3).
   rPois:     It protects you from poison *Slow: It may slow you when you take
   damage.
 t - a +3 quarterstaff of chaos
 A - a +0 dagger of draining
 B - a +4 trident of draining
 G - a +2 flail of draining
 J - a +4 spear
Missiles
 v - 28 poisoned darts
 y - 16 boomerangs (quivered)
Armour
 b - a +0 kite shield (worn)
 c - a +1 robe of fire resistance (worn)
 g - a +0 robe
 u - a +0 cloak (worn)
 C - an orb of mayhem
 D - a +1 robe of willpower
Magical Staves
 s - a staff of cold
Jewellery
 l - a ring of flight (left claw)
Scrolls
 f - a scroll of fear {unknown}
 h - 7 scrolls of teleportation
 i - a scroll of enchant weapon {unknown}
 j - 2 scrolls of noise
 n - a scroll of immolation {unknown}
 o - 3 scrolls of enchant armour
 p - 3 scrolls of vulnerability {unknown}
 w - a scroll of brand weapon {unknown}
 E - 2 scrolls of blinking {unknown}
Potions
 e - a potion of lignification {unknown}
 k - 2 potions of heal wounds {unknown}
 m - 2 potions of curing
 q - 3 potions of enlightenment
 r - a potion of attraction {unknown}
 x - 2 potions of haste {unknown}
 z - a potion of magic {unknown}
 F - a potion of brilliance {unknown}
 H - a potion of might
 I - a potion of mutation {unknown}


   Skills:
 * Level 6.5 Fighting
 + Level 5.3 Dodging
 + Level 5.9 Shields
 * Level 7.5 Unarmed Combat
 + Level 4.2 Invocations


You had 8 spell levels left.
You didn't know any spells.
Your spell library contained the following spells:

 Spells                   Type           Power      Damage    Failure   Level
 Poisonous Vapours        Pois/Air       0%         N/A       83%         2
 Dazzling Flash           Conj/Hex       0%         N/A       97%         3
 Mephitic Cloud           Conj/Pois/Air  0%         N/A       97%         3
 Volatile Blastmotes      Fire/Tloc      0%         2d10      97%         3
 Fulminant Prism          Conj/Hex       0%         3d5       100%        4
 Iskenderun's Mystic Bla  Conj/Tloc      0%         2d3       100%        4
 Freezing Cloud           Conj/Ice/Air   0%         6-21      100%        5
 Starburst                Conj/Fire      0%         6d3       100%        6
 Maxwell's Capacitive Co  Air            0%         ∞         100%        8


Dungeon Overview and Level Annotations

Branches:
Dungeon (7/15)             Temple (0/1) D:6

Altars:
Dithmenos
Elyvilon
Gozag
Hepliaklqana
Nemelex Xobeh
Okawaru
Qazlal
Trog
Uskayaw
Wu Jian
Yredelemnul

Shops:
D:7 ?

Annotations:
D:7 3 runed translucent doors, snarfax's ghost, novice MiFi


Innate Abilities, Weirdness & Mutations

Your life essence is reduced to manifest your ancestor. (-10% HP)
You are too large for most types of armour.
You have claws for hands.
Your natural rate of healing is unusually fast.
You are covered in fur. (AC +1)
You have tough skin. (AC +1)


Message History

The water elemental is heavily damaged.
Your lungs strain for air!
The water elemental hits you! You block the water elemental's attack.
Xiuhtonal hits the water elemental with a +0 quarterstaff.
You claw the water elemental!
The water elemental is almost destroyed.
Your lungs strain for air!
The water elemental hits you!!
The water elemental completely misses you.
Xiuhtonal hits the water elemental with a +0 quarterstaff!
The water elemental is destroyed!
The water engulfing you falls away.
You gasp with relief as air once again reaches your lungs.
You claw the water elemental!
The water elemental is moderately damaged.
You block the water elemental's attack. The water elemental hits you!!
* * * LOW HITPOINT WARNING * * *
The water elemental engulfs you in water!
You slip free of the water engulfing you.
You gasp with relief as air once again reaches your lungs.
Xiuhtonal points at the water elemental and mumbles some strange words.
The puff of frost hits the water elemental!
The water elemental hits Xiuhtonal.
You scratch the water elemental.
The water elemental is lightly damaged.
Xiuhtonal hits the water elemental with a +0 quarterstaff!
The water elemental hits you!
* * * LOW HITPOINT WARNING * * *
The water elemental hits Xiuhtonal!
You mangle the water elemental!!
The water elemental is heavily damaged.
Xiuhtonal completely misses the water elemental.
The water elemental hits you!
* * * LOW HITPOINT WARNING * * *
The water elemental hits Xiuhtonal.
You feel better.
Xiuhtonal hits the water elemental with a +0 quarterstaff!
The water elemental is destroyed!
The water elemental hits you!
You die...

.)##############
........R......#
#######>..E@.....####.#
≈≈.~......###.........#
≈≈~~~~≈)[.# #....#####
≈≈≈~≈≈≈~..# #....# ####
≈≈≈~~≈≈~....###.## #...
≈~...≈≈~.##..##.#########.##
≈~.}.~≈~.# #................
≈≈...≈≈~.$ ##############.##
≈≈~≈~≈≈~~. #.8∩##..# #.#


You could see the friendly Xiuhtonal the battlemage and a water elemental.

Vanquished Creatures
  Pikel (D:4)
  Jeremiah (D:6)
  A merfolk (D:7)
  A yak (D:5)
  2 black bears
  An ogre (D:6)
  2 centaurs
  A phantom (D:6)
  A scorpion (D:5)
  A bullfrog (D:6)
  2 orc priests
  3 hounds
  2 jellies (D:5)
  2 gnoll boudas
  Crazy Yiuf (D:2)
  Jessica (D:2)
  3 iguanas
  4 orc wizards
  Robin (D:2)
  7 gnolls
  4 adders
  2 ufetubi (D:5)
  A worm (D:5)
  5 dart slugs
  18 orcs
  4 ball pythons
  3 endoplasms
  7 giant cockroaches
  13 goblins
  12 hobgoblins
  2 quokkas
  9 bats
  6 frilled lizards (D:1)
  9 kobolds
  4 rats
137 creatures vanquished.

Vanquished Creatures (collateral kills)
  4 water elementals (D:7)
  A water moccasin (D:7)
  A black bear (D:6)
  A kobold brigand (D:6)
  A bullfrog (D:6)
  A howler monkey (D:6)
  An orc priest (D:6)
  3 iguanas
  A sleepcap (D:6)
  An orc wizard (D:6)
  An adder (D:6)
  2 white imps
  5 orcs
  A goblin (D:4)
24 creatures vanquished.

Vanquished Creatures (others)
  2 ancestors (D:4)
2 creatures vanquished.

Grand Total: 163 creatures vanquished

Notes
Turn   | Place    | Note
-------+----------+-------------------------------------------
     0 | D:1      | javelincjr the Troll Fighter began the quest for the Orb.
     0 | D:1      | Reached XP level 1. HP: 22/22 MP: 0/0
   150 | D:1      | Reached XP level 2. HP: 29/29 MP: 1/1
   298 | D:1      | Reached XP level 3. HP: 36/36 MP: 2/2
  1104 | D:2      | Noticed Jessica
  1107 | D:2      | Killed Jessica
  1108 | D:2      | Reached XP level 4. HP: 36/45 MP: 3/3
  1257 | D:2      | Noticed Robin
  1293 | D:2      | Killed Robin
  1294 | D:2      | Reached skill level 3 in Unarmed Combat
  1579 | D:2      | Found a runed translucent door.
  1580 | D:2      | Noticed Crazy Yiuf
  1587 | D:2      | Killed Crazy Yiuf
  1588 | D:2      | Reached XP level 5. HP: 39/53 MP: 4/4
  1905 | D:3      | Found a hazy altar of Hepliaklqana.
  2046 | D:3      | Became a worshipper of Hepliaklqana the Forgotten
  2723 | D:5      | Entered Level 5 of the Dungeon
  2766 | D:4      | Reached XP level 6. HP: 55/61 MP: 5/5
  2859 | D:4      | Reached skill level 1 in Invocations
  2959 | D:4      | Reached * piety under Hepliaklqana
  3010 | D:4      | Noticed Pikel
  3137 | D:4      | Killed Pikel
  3138 | D:4      | Reached skill level 4 in Unarmed Combat
  3138 | D:4      | Reached XP level 7. HP: 58/63 MP: 5/7
  3735 | D:5      | Found a stormy altar of Qazlal.
  3816 | D:5      | Reached ** piety under Hepliaklqana
  3817 | D:5      | Remembered your ancestor Xiuhtonal as a battlemage
  4013 | D:5      | Reached skill level 5 in Unarmed Combat
  4013 | D:5      | Reached XP level 8. HP: 57/71 MP: 8/8
  4094 | D:5      | Reached skill level 5 in Fighting
  4471 | D:6      | Reached skill level 5 in Shields
  4494 | D:6      | Noticed Jeremiah
  4553 | D:6      | Killed Jeremiah
  4554 | D:6      | Reached skill level 6 in Unarmed Combat
  4625 | D:6      | Reached XP level 9. HP: 79/79 MP: 10/10
  4666 | D:6      | Found a shadowy altar of Dithmenos.
  4738 | D:6      | Found an ornate altar of the Wu Jian Council.
  4797 | D:6      | Found an opulent altar of Gozag.
  4868 | D:6      | Found a basalt altar of Yredelemnul.
  4954 | D:6      | Found a staircase to the Ecumenical Temple.
  4990 | D:6      | Found a sparkling altar of Nemelex Xobeh.
  4994 | D:6      | Found an iron altar of Okawaru.
  4997 | D:6      | Found a bloodstained altar of Trog.
  5043 | D:6      | Found a hide-covered altar of Uskayaw.
  5086 | D:6      | Found a white marble altar of Elyvilon.
  5384 | D:6      | Reached skill level 5 in Dodging
  5705 | D:7      | Found Ycwos's Magic Scroll Shoppe.
  5714 | D:7      | Bought a scroll of identify for 26 gold pieces
  5714 | D:7      | Bought a scroll of enchant armour for 97 gold pieces
  5734 | D:7      | Identified the +6 great sword "Olalibb" {vamp, *Slow rPois
                  | Dex+3}
  5810 | D:7      | Reached skill level 7 in Unarmed Combat
  5988 | D:7      | Found a runed translucent gate.
  5990 | D:7      | Found an opulent altar of Gozag.
  5991 | D:7      | Found a runed translucent gate.
  5993 | D:7      | Found a runed translucent gate.
  5995 | D:7      | Noticed snarfax's ghost (novice MiFi)
  6042 | D:7      | Noticed a merfolk
  6050 | D:7      | Killed a merfolk
  6124 | D:7      | HP: 3/82 [water elemental (14)]
  6125 | D:7      | Slain by a water elemental

Illustrated notes

Levels and vault maps discovered:
D:1:      ncdulo_halloftheorcs, layout_basic, minmay_octomino_c4
D:2:      layout_basic, uniq_jessica, uniq_crazy_yiuf_cottage, uniq_robin
D:3:      layout_loops_ring, amcnicky_altar_gilded, minivault_27,
          hangedman_decor_lopped, nicolae_concentric_dashed_squares_mild
D:4:      layout_gridville, uniq_pikel
D:5:      cheibrodos_barr_body, layout_loops_cross,
          mainiacjoe_overflow_boulevard
D:6:      layout_basic, pf_just_have_faith, lemuel_doored_altar,
          elyvilon_altar_4, lemuel_tele_altar, kennysheep_mini,
          nzn_wu_jian_council_hall, grunt_temple_overflow_diamond,
          minmay_temple_entry_enclosed_plants, serial_curves, eino_curves_02,
          eino_curves_01, chequers_decorated_corner, hangedman_decor_riveting,
          grunt_ministairs_3, uniq_jeremiah
D:7:      layout_basic, amethyst_overflow_temple_binary, lemuel_crystal_altar,
          ebering_ghost_gozag, serial_shops, shop, nicolae_rank_and_phial,
          uniq_duvessa

Skill      XL: |  1  2  3  4  5  6  7  8  9 |
---------------+----------------------------+-----
Shields        | 3 4 5 |  5.9
Fighting       | 3 4 5 6 |  6.5
Dodging        | 3 4 5 |  5.3
Unarmed Combat | 3 4 5 6 7 |  7.5
Invocations    | 2 3 4 |  4.2

Action                     |  1- 3 |  4- 6 |  7- 9 || total
---------------------------+-------+-------+-------++-------
  Melee: Unarmed           |    34 |   149 |   165 ||   348
   Fire: Sling             |   105 |    21 |       ||   126
  Throw: Boomerang         |       |       |     4 ||     4
 Invoke: Ancestor Life: Ba |       |       |     1 ||     1
         Recall Ancestor   |       |       |     1 ||     1
    Use: Potion            |       |     1 |     1 ||     2
         Scroll            |       |       |     4 ||     4
 Armour: Robe              |    53 |   104 |    96 ||   253
  Dodge: Dodged            |    34 |    65 |    32 ||   131
  Block: Kite shield       |    41 |    72 |    53 ||   166

Table legend: (Time is in decaauts)
 A = Elapsed time spent in this place.
 B = Non-inter-level travel time spent in this place.
 C = Inter-level travel time spent in this place.
 D = Time resting spent in this place.
 E = Time spent auto-exploring this place.
 F = Levels seen in this place.
 G = Mean time per level.
                   A        B        C        D        E       F      G
               +--------+--------+--------+--------+--------+-----+--------+
         Total |   6208 |   5901 |    307 |    190 |   4556 |   7 |  886.9 |
       Dungeon |   6208 |   5901 |    307 |    190 |   4556 |   7 |  886.9 |
               +--------+--------+--------+--------+--------+-----+--------+

Top non-repeatable levels by time:
     D:6: 1194 daAuts
     D:5: 987 daAuts
     D:3: 895 daAuts
     D:1: 885 daAuts
     D:2: 872 daAuts
     D:4: 867 daAuts
     D:7: 505 daAuts
